cohdb
Replays
Latest Replays
All Replays
Popular Replays
Top Player Replays
Match Explorer
How It Works
Community
CoH3 Stats
Reddit
Sign in to upload your games and track your stats! →
Sign in with Steam
Match 45638816
Unlisted
Match 45638816
Overview
Messages
Build Orders
End
Engineer Squad
Construct Weapon Support Center
Selects Advanced Infantry Battlegroup
Sniper
Bazooka Squad
Engineer Squad
M1919 Machine Gun Team
Construct Medical Station
Selects Ammunition Storage
.30 cal Machine Gun
M1919 Machine Gun Team
Bazooka Squad
Infantry Support Center
Selects M2A1 105mm Howitzer Emplacement
Improved M9 Bazooka Rockets
Brick_man
不吃芹菜
Nekrocow
微操蒋中正
Long Gully Library
binari
FD5797
HHHCARL92
0
0
Comments
sign in to comment!
No comments posted yet!